 Dungeon Crawl Stone Soup version 0.29.1-13-g9f3cf754e1 (webtiles) character file.

Game seed: 8974669577058951342

49 Vulpanium the Gusty (level 4, -1/30 HPs)
             Began as a Human Air Elementalist on Jan 22, 2023.
             Slain by a gnoll
             ... wielding a +0 spear
              (6 damage)
             ... on level 2 of the Dungeon.
             The game lasted 00:06:52 (1526 turns).

Vulpanium the Gusty (Human Air Elementalist)        Turns: 1526, Time: 00:06:52

Health: -1/30      AC:  2    Str:  9    XL:     4   Next: 1%
Magic:  0/7        EV: 12    Int: 17    God:
Gold:   37         SH:  0    Dex: 13    Spells: 4/7 levels left

rFire   . . .      SeeInvis .   n - +2 dagger (vamp)
rCold   . . .      Faith    +   (no shield)
rNeg    . . .      Spirit   .   a - +0 robe
rPois   .          Reflect  .   (no helmet)
rElec   .          Harm     .   (no cloak)
rCorr   .          Rampage  .   (no gloves)
Will    .....                   (no boots)
Stlth   ++........              h - amulet of faith
HPRegen 0.10/turn               (no ring)
MPRegen 0.10/turn               (no ring)

@: no status effects
A: no striking features
a: no special abilities


You were on level 2 of the Dungeon.
You visited 1 branch of the dungeon, and saw 2 of its levels.

You collected 37 gold pieces.

Inventory:

Hand Weapons
 d - a +0 dagger
 l - a +0 mace of holy wrath
 n - a +2 vampiric dagger (weapon)
Missiles
 e - a throwing net
Armour
 a - a +0 robe (worn)
Jewellery
 h - an amulet of faith (around neck)
 o - an amulet of reflection
Scrolls
 c - 3 scrolls of identify
 f - a scroll of blinking
 i - a scroll of fog {unknown}
 k - a scroll of silence {unknown}
 m - a scroll of noise {unknown}
Potions
 b - a potion of magic
 g - a potion of curing {unknown}
 j - a potion of degeneration {unknown}


   Skills:
 * Level 0.5 Short Blades
 - Level 0.4 Maces & Flails
 + Level 2.0 Dodging
 + Level 2.3 Stealth
 + Level 2.3 Spellcasting
 + Level 1.5 Conjurations
 + Level 3.6 Air Magic


You had 4 spell levels left.
You knew the following spells:

 Your Spells              Type           Power      Damage    Failure   Level
a - Shock                 Conj/Air       40%        1d5       6%          1
b - Static Discharge      Conj/Air       10%        3-5/arc   10%         2

Your spell library contained the following spells:

 Spells                   Type           Power      Damage    Failure   Level
 Swiftness                Air            14%        N/A       12%         3
 Slow                     Hex            4%         N/A       19%         1
 Airstrike                Air            7%         2d(1-17)  38%         4
 Confusing Touch          Hex            1%         N/A       50%         3
 Ozocubu's Armour         Ice            1%         N/A       50%         3
 Vampiric Draining        Necr           1%         2d6       50%         3
 Metabolic Englaciation   Hex/Ice        0%         N/A       99%         5
 Simulacrum               Ice/Necr       0%         N/A       100%        6


Dungeon Overview and Level Annotations

Branches:
Dungeon (2/15)

Altars:


Message History

You feel stronger.
Unknown command.
Casting: Shock (safe; 6% risk of failure)
Confirm with . or Enter, or press ? or * to list all spells.
Aiming: Shock (safe; 6% risk of failure)
Press: ? - help, Shift-Dir - straight line, f/p - gnoll
Aim: a gnoll, wielding a +0 club (moderately wounded, 72% to hit)
You miscast Shock.
You are very lightly contaminated with residual magic.
Nothing appears to happen.
Casting: Shock (safe; 6% risk of failure)
Confirm with . or Enter, or press ? or * to list all spells.
You don't have enough magic to cast this spell.
Unknown command.
You struggle against the net.
A kobold comes into view. It is wielding a +0 short sword.
You struggle against the net.
You tear a large gash into the net.
The gnoll hits you with a +0 club.
The gnoll hits you from afar with a +0 spear!
You rip the net and break free!
The gnoll hits you with a +0 club! The gnoll misses you.
The gnoll attacks as you move away! The gnoll hits you with a +0 club.
* * * LOW HITPOINT WARNING * * *
The gnoll attacks as you move away! The gnoll hits you with a +0 club.
* * * LOW HITPOINT WARNING * * *
Your magical contamination has completely faded away.
Casting: Shock (safe; 6% risk of failure)
Confirm with . or Enter, or press ? or * to list all spells.
Aiming: Shock (safe; 6% risk of failure)
Press: ? - help, Shift-Dir - straight line, f - gnoll, p - gnoll
Aim: a gnoll, wielding a +0 spear (heavily wounded, 72% to hit)
The zap hits the gnoll.
The gnoll is severely wounded.
The zap hits the gnoll.
The gnoll is moderately wounded.
The zap misses the kobold.
The zap hits the gnoll.
The gnoll is almost dead.
The gnoll closely misses you.
The gnoll hits you from afar with a +0 spear.
You die...

# ##.#######.#
##.##.....##### #
##..........)..#
###.####.#######.#
.#.## #.# #.# #.##
#># #.# #.# #.#
#.# #.# #.# #.#
#.# #.. #@# #..
... #g# ### #g#
#...K....#
####.##### .g# ...
###. )


You could see 3 gnolls and a kobold.

Vanquished Creatures
  A gnoll (D:2)
  An adder (D:2)
  A dart slug (D:1)
  A ball python (D:1)
  An endoplasm (D:1)
  A giant cockroach (D:2)
  5 goblins
  5 hobgoblins (D:1)
  2 bats (D:1)
  7 kobolds
  4 rats (D:1)
29 creatures vanquished.

Notes
Turn   | Place    | Note
-------+----------+-------------------------------------------
     0 | D:1      | Vulpanium the Human Air Elementalist began the quest for
                  | the Orb.
     0 | D:1      | Reached XP level 1. HP: 13/13 MP: 3/3
   284 | D:1      | Reached XP level 2. HP: 18/19 MP: 5/5
   817 | D:1      | Reached XP level 3. HP: 16/24 MP: 6/6
  1013 | D:1      | Learned a level 2 spell: Static Discharge
  1519 | D:2      | Reached XP level 4. HP: 30/30 MP: 1/7
  1526 | D:2      | Slain by a gnoll

Illustrated notes

Levels and vault maps discovered:
D:1:      ebering_hopf_link, layout_loops_ring,
          hangedman_abyss_or_decor_lesser_grid
D:2:      layout_loops_ring, nicolae_grassy_gnolls, uniq_terence, uniq_robin

Action                   |  1- 3 |  4- 6 || total
-------------------------+-------+-------++-------
Melee: Dagger            |    10 |       ||    10
       Mace              |     4 |       ||     4
 Cast: Shock             |    51 |     1 ||    52
  Use: Scroll            |     1 |       ||     1
 Stab: Sleeping          |     1 |       ||     1
Armor: Robe              |     2 |       ||     2
Dodge: Dodged            |    16 |     2 ||    18
